 Dungeon Sprint DCSS version 0.21-a0-41-g5e91fef (webtiles) character file.

1411 Kidiri the Thaumaturge (level 8, -2/51 HPs)
             Began as a Deep Elf Fire Elementalist on June 3, 2017.
             Was an Initiate of Vehumet.
             Slain by a polar bear (18 damage)
             ... in the Dungeon (Sprint II: "The Violet Keep of Menkaure").
             The game lasted 00:04:42 (593 turns).

Kidiri the Thaumaturge (Deep Elf Fire Elementalist)  Turns: 593, Time: 00:04:42

Health: -2/51      AC:  2    Str:  5    XL:     8   Next: 43%
Magic:  22/27      EV: 18    Int: 23    God:    Vehumet [......]
Gold:   972        SH:  0    Dex: 15    Spells: 15/33 levels left

rFire    . . .     SeeInvis .   (no weapon)
rCold    . . .     Gourm    .   (no shield)
rNeg     . . .     Faith    .   a - +0 robe
rPois    .         Spirit   .   (no helmet)
rElec    .         Reflect  .   (no cloak)
rCorr    .         Harm     .   (no gloves)
MR       .....     NoTele   +   (no boots)
Stlth    ++........             (no amulet)
Regen    0.2/turn               (no ring)
MPRegen  0.2/turn               (no ring)

@: no status effects
A: no striking features
a: Renounce Religion


You were in the Dungeon.
You worshipped Vehumet.
Vehumet was noncommittal.
You were not hungry.

You visited 1 branch You collected 972 gold pieces.

Inventory:

Armour
 a - a +0 robe (worn)
Scrolls
 i - a scroll of blinking
Potions
 f - a potion of haste
 h - a potion of berserk rage
Books
 b - a book of Flames

   Spells                             Type                      Level
   a - Flame Tongue                   Conjuration/Fire             1
   b - Throw Flame                    Conjuration/Fire             2
   c - Conjure Flame                  Conjuration/Fire             3
   d - Inner Flame                    Hexes/Fire                   3
   e - Sticky Flame                   Conjuration/Fire             4
   f - Fireball                       Conjuration/Fire             5
Comestibles
 c - 2 bread rations
 g - 6 chunks of flesh


   Skills:
 + Level 5.8 Fighting
 + Level 5.8 Armour
 + Level 8.8 Dodging
 - Level 2.4 Stealth
 * Level 13.1 Spellcasting
 + Level 7.9 Conjurations
 + Level 8.5 Fire Magic


You had 15 spell levels left.
You knew the following spells:

 Your Spells              Type           Power        Failure   Level  Hunger
a - Flame Tongue          Conj/Fire      #####        1%          1    None
b - Throw Flame           Conj/Fire      ######       1%          2    None
c - Conjure Flame         Conj/Fire      ######..     1%          3    None
d - Inner Flame           Hex/Fire       ####....     1%          3    None
e - Sticky Flame          Conj/Fire      ######..     1%          4    None
f - Fireball              Conj/Fire      ######....   3%          5    ###....


Dungeon Overview and Level Annotations

Branches:
Dungeon (1/1)

Altars:
Cheibriados
Dithmenos
Elyvilon
Fedhas
Gozag
Hepliaklqana
Kikubaaqudgha
Makhleb
Nemelex Xobeh
Okawaru
Qazlal
Ru
Sif Muna
Trog
Uskayaw
Vehumet
Wu Jian
Xom
Yredelemnul
Zin
The Shining One
Beogh
Jiyva
Lugonu

Shops:
D !::*[?![=}=((%[*

Annotations:
D exclusion: oklob plant, Roxanne


Message History

Press: ? - help, Shift-Dir - straight line, f - polar bear
Aim: a polar bear The flame tongue hits the polar bear.
The polar bear is lightly wounded.
Casting: Flame Tongue
Confirm with . or Enter, or press ? or * to list all spells.
Okay, then.
You feel better. The polar bear misses you. The polar bear closely misses you.
The polar bear claws you.
* * * LOW HITPOINT WARNING * * *
Casting: Flame Tongue
Confirm with . or Enter, or press ? or * to list all spells.
Aiming: Sticky Flame
Press: ? - help, Shift-Dir - straight line, f/p - polar bear
Aim: a polar bear (lightly wounded)
The sticky flame hits the polar bear.
The polar bear is moderately wounded.
The polar bear is covered in liquid flames!
The polar bear burns!
The polar bear bites you!!
You die...

.####§≈.....≈#'########'###
..#≈≈≈§≈§≈§.≈#.._.....#§§≈#
.##≈≈≈≈≈≈§≈.≈#._._....#§§§≈
##≈≈≈≈≈≈≈≈§≈≈#_._._...#§§§§
≈≈≈≈§§≈§§§≈§≈#._c_._..#§≈≈≈
+++#≈§§≈≈≈≈≈≈#_._._._.#§≈§≈
.§ ##≈≈≈###≈≈#._._._._#§§≈≈
§§§≈ #≈≈#_.h._._.#t§§§
≈§≈.§+ #§≈#..@_(_._#t≈≈≈
§≈≈§## §≈≈≈##########§§≈≈
§.≈## #####≈≈≈≈≈≈≈≈≈≈≈≈§
#### ≈§###≈########§▓▓▓
§§§##≈ ▓▓ §§≈≈+≈ §§§## §§#


You could see a polar bear (burning), a yaktaur and 2 crocodiles.

Vanquished Creatures
  A merfolk siren (D)
  2 tyrant leeches (D)
  Menkaure (D)
  4 necrophages (D)
  A crocodile (D)
  A scorpion (D)
  4 worker ants (D)
14 creatures vanquished.

Vanquished Creatures (others)
  A crocodile (D)
1 creature vanquished.

Grand Total: 15 creatures vanquished

Notes
Turn   | Place    | Note
-------+----------+-------------------------------------------
     0 | D        | Kidiri the Deep Elf Fire Elementalist began the quest for the Orb.
     0 | D        | Reached XP level 1. HP: 10/10 MP: 6/6
     1 | D        | Noticed a merfolk siren
     5 | D        | Noticed a worker ant
     5 | D        | Noticed a worker ant
     5 | D        | Noticed a worker ant
     5 | D        | Noticed a worker ant
     9 | D        | Noticed a necrophage
     9 | D        | Noticed a necrophage
     9 | D        | Noticed a necrophage
     9 | D        | Noticed a necrophage
    19 | D        | Killed a necrophage
    19 | D        | Reached skill level 6 in Spellcasting
    19 | D        | Reached XP level 2. HP: 7/17 MP: 3/11
    19 | D        | Reached XP level 3. HP: 9/21 MP: 3/13
    19 | D        | Reached XP level 4. HP: 11/26 MP: 3/14
    22 | D        | Killed a necrophage
    22 | D        | Reached skill level 5 in Dodging
    22 | D        | Reached skill level 8 in Spellcasting
    22 | D        | Reached skill level 5 in Fire Magic
    22 | D        | Reached XP level 5. HP: 31/32 MP: 2/17
    27 | D        | Killed a necrophage
    27 | D        | Reached skill level 9 in Spellcasting
    27 | D        | Reached skill level 5 in Conjurations
    34 | D        | Killed a necrophage
    34 | D        | Reached XP level 6. HP: 37/38 MP: 9/20
    38 | D        | Learned a level 2 spell: Throw Flame
    42 | D        | Learned a level 3 spell: Conjure Flame
    46 | D        | Learned a level 3 spell: Inner Flame
    51 | D        | Learned a level 4 spell: Sticky Flame
    57 | D        | Learned a level 5 spell: Fireball
   107 | D        | Reached skill level 10 in Spellcasting
   228 | D        | Killed a merfolk siren
   228 | D        | Reached skill level 5 in Fighting
   228 | D        | Reached skill level 5 in Armour
   228 | D        | Reached skill level 11 in Spellcasting
   228 | D        | Reached XP level 7. HP: 44/44 MP: 7/24
   317 | D        | Noticed a tyrant leech
   317 | D        | Noticed a tyrant leech
   324 | D        | Killed a tyrant leech
   324 | D        | Reached skill level 12 in Spellcasting
   325 | D        | Killed a tyrant leech
   325 | D        | Reached XP level 8. HP: 47/50 MP: 7/26
   442 | D        | Noticed Roxanne
   471 | D        | Noticed a flying skull
   472 | D        | Noticed a flying skull
   472 | D        | Noticed a flying skull
   472 | D        | Noticed a flying skull
   472 | D        | Noticed a flying skull
   473 | D        | Noticed a flying skull
   473 | D        | Noticed a flying skull
   473 | D        | Noticed a flying skull
   473 | D        | Noticed a flying skull
   474 | D        | Noticed a flying skull
   475 | D        | Noticed a flying skull
   479 | D        | Found Disoim's General Store.
   480 | D        | Noticed a flying skull
   480 | D        | Found Poynk's Food Shop.
   480 | D        | Found Ytheckoc's Antique Weapon Boutique.
   480 | D        | Found Zusar's Antique Armour Boutique.
   484 | D        | Found Yhaim's Gadget Boutique.
   484 | D        | Found Qecimn's Jewellery Shop.
   491 | D        | Found Rydwal's Jewellery Shop.
   491 | D        | Found Soxty's Antique Weapon Shop.
   492 | D        | Found Deyweo's Distillery.
   492 | D        | Found Quhiwees's Magic Scroll Boutique.
   493 | D        | Found Fuuh's Antique Armour Boutique.
   495 | D        | Found Fyal's Antique Armour Shop.
   496 | D        | Noticed an iron elemental
   497 | D        | Found Vefauf's General Store.
   497 | D        | Found Xisiw's Book Shop.
   497 | D        | Noticed an oklob plant
   498 | D        | Found Lyit's Book Shoppe.
   498 | D        | Found Faydy's Distillery.
   500 | D        | Noticed a death yak
   502 | D        | Noticed a hell hog
   504 | D        | Noticed a hell hog
   568 | D        | Found a stormy altar of Qazlal.
   569 | D        | Found a hazy altar of Hepliaklqana.
   569 | D        | Found a sacrificial altar of Ru.
   569 | D        | Found an ornate altar of the Wu Jian Council.
   570 | D        | Found a roughly hewn altar of Beogh.
   570 | D        | Found a viscous altar of Jiyva.
   570 | D        | Found a deep blue altar of Sif Muna.
   570 | D        | Found a shimmering altar of Xom.
   571 | D        | Found a snail-covered altar of Cheibriados.
   571 | D        | Found an ancient bone altar of Kikubaaqudgha.
   571 | D        | Found a bloodstained altar of Trog.
   572 | D        | Found a shadowy altar of Dithmenos.
   572 | D        | Found a corrupted altar of Lugonu.
   573 | D        | Found a white marble altar of Elyvilon.
   573 | D        | Found a burning altar of Makhleb.
   574 | D        | Found a blossoming altar of Fedhas.
   574 | D        | Noticed Menkaure
   575 | D        | Found an opulent altar of Gozag.
   575 | D        | Found a glowing golden altar of the Shining One.
   575 | D        | Found a basalt altar of Yredelemnul.
   575 | D        | Found a hide-covered altar of Uskayaw.
   575 | D        | Found a sparkling altar of Nemelex Xobeh.
   575 | D        | Noticed a hornet
   575 | D        | Noticed a polar bear
   576 | D        | Found a glowing silver altar of Zin.
   576 | D        | Found a radiant altar of Vehumet.
   576 | D        | Found an iron altar of Okawaru.
   576 | D        | Noticed a yaktaur
   577 | D        | Noticed a polar bear
   578 | D        | Noticed a polar bear
   579 | D        | Killed Menkaure
   579 | D        | Reached skill level 13 in Spellcasting
   587 | D        | Became a worshipper of Vehumet
   593 | D        | Slain by a polar bear

Vault maps used:
D:        the_violet_keep_of_menkaure

Skill      XL: |  1  2  3  4  5  6  7  8 |
---------------+-------------------------+-----
Fighting       | 2 3 4 5 |  5.8
Armour         | 2 3 4 5 |  5.8
Dodging        | 4 5 6 7 8 |  8.8
Spellcasting   | 6 8 9 11 12 13 | 13.1
Conjurations   | 3 4 5 7 |  7.9
Fire Magic     | 4 5 6 7 8 |  8.5
Stealth        | |  2.4

Action                   |  1- 3 |  4- 6 |  7- 9 || total
-------------------------+-------+-------+-------++-------
 Cast: Flame Tongue      |     7 |    38 |     8 ||    53
       Conjure Flame     |       |     2 |     3 ||     5
       Sticky Flame      |       |       |     5 ||     5
  Use: Potion            |     1 |     2 |     1 ||     4
Armor: Robe              |     1 |     2 |       ||     3
Dodge: Dodged            |     5 |     8 |     5 ||    18
